elenmirie, chaotic female elven Wizard ---------- |.....|... |.....a...| |........@-@ --- -------# # # # f ## # # ##### ###-|------------ #-[...........| ----- #|............| .>..| #|............| |...| #....).^...^..-#########....| |....<.......| |...| -------------- |...| ----- elenmirie the Conjurer Experience level: 4 Strength: 10 Dexterity: 15 Constitution: 16 Intelligence: 15 Wisdom: 10 Charisma: 10 Health: 0(29) Energy: 37(53) Def: 1 Gold: 711 Moves: 2741 Dungeon seed: I6oA0HggSgtxi70D Game ID: elenmirie_1466002241 Your Inventory: Coins $ - 711 gold pieces Weapons a - a blessed +1 quarterstaff F - the uncursed rustproof +0 Magicbane (weapon in hand) J - an uncursed +0 elven dagger M - an uncursed +0 dagger Armor L - an uncursed +0 cloak of magic resistance (being worn) Comestibles C - 4 uncursed tripe rations I - 2 uncursed food rations Rings c - an uncursed ring of free action (on left hand) d - an uncursed +1 ring of gain strength G - a cursed -1 ring of adornment Wands b - an uncursed wand of create monster (0:14) p - an uncursed wand of polymorph (0:4) Tools e - an uncursed skeleton key n - an uncursed blindfold o - an uncursed bell w - an uncursed sack K - 2 uncursed tallow candles (0:200) Contents of the sack: a blessed scroll of charging an uncursed scroll of confuse monster an uncursed scroll of create monster a blessed scroll of destroy armor an uncursed scroll of enchant armor 2 uncursed scrolls of food detection a blessed spellbook of force bolt an uncursed spellbook of jumping an uncursed potion of extra healing an uncursed potion of gain ability an uncursed potion of gain energy a potion of holy water an uncursed potion of water Spells and supernatural/magical abilities: Name Level Category Fail Memory a - force bolt 1 attack 0% 87% j - jumping 1 escape 0% 87% W - pray for help -- divine ? -- Your skills at the end: Fighting Skills wands [Basic] Weapon Skills quarterstaff [Basic] Spellcasting Skills attack spells [Basic] enchantment spells [Basic] Final Attributes: You were piously aligned. You were sleep resistant. You were magic-protected. You saw invisible. You were telepathic. You had infravision. You had free action. You are dead. Vanquished creatures: 2 giant ants a giant bat 2 wererats an iguana 2 acid blobs a gas spore 3 hobbits a giant rat 3 cave spiders a red mold a gnome zombie 2 geckos 7 jackals a kobold 2 goblins a sewer rat 8 grid bugs 5 lichens 2 kobold zombies 9 newts 55 creatures vanquished. Voluntary challenges: You used a wielded weapon 41 times, starting on turn 84. You read items or engraved 1 time, starting on turn 15. You never genocided any monsters. You never polymorphed an object. You never changed form. You used no wishes. You never split a pudding. You never wrote Elbereth's name. You never violated your personal moral code. Dungeon overview: The Dungeons of Doom: levels 1 to 7 Level 1 an altar to Anhur a long staircase Level 2 a potion shop a long staircase Level 3 a delicatessen, an altar to Thoth Level 4 an altar to Thoth, a fountain, a sink Level 5 Level 6 <- You were here Level 7 a hardware shop History has recorded: On T:1 you entered the Dungeons of Doom to retrieve the Amulet of Yendor! On T:449 you reached level 2 of The Dungeons of Doom. On T:509 you advanced to experience level 2. On T:815 you reached level 3 of The Dungeons of Doom. On T:869 you advanced to experience level 3. On T:1296 you reached level 4 of The Dungeons of Doom. On T:1773 you received Magicbane from Anhur. On T:2130 you advanced to experience level 4. On T:2251 you reached level 5 of The Dungeons of Doom. On T:2569 you reached level 6 of The Dungeons of Doom. On T:2572 you reached level 7 of The Dungeons of Doom. Score breakdown: Gold: 711 ( 9703 points) Experience: 4 levels ( 9649 points) Exploration: 7 levels ( 13.73%) (10392 points) Discoveries: 4 items ( 1.43%) ( 3585 points) Valuables value: (no points given unless you survive) Artifact value: 3500 (12056 points) Variety of kills: 20 monsters ( 5.22%) ( 6855 points) Turncount: 2741 turns ( -466 points) Survival: died (score multiplied by 80%) Total score: 41419 Latest messages: The force bolt hits the giant ant! The giant ant is killed! The force bolt misses the giant ant. The giant ant bites! You are beginning to feel hungry. You miss the giant ant. The giant ant bites! The magic-absorbing blade stuns the giant ant! The force bolt misses the giant ant. Boing! Elenmirie zaps a brass wand! The bolt of fire hits you! Wizard, your life force is running out. The bolt of fire bounces! The bolt of fire hits you! You die... Final status: Goodbye elenmirie the Wizard, killed by a bolt of fire... You died in The Dungeons of Doom on dungeon level 6 with 41419 points, and 711 pieces of gold, after 2741 moves. You were level 4 with a maximum of 29 hit points when you died.